 Dungeon Crawl Stone Soup version 0.30-a0-154-gb106f4c828 (webtiles) character file.

Game seed: 11056544144556332139

1 Ghostare the Ducker (level 1, 0/13 HPs)
             Began as a Human Wanderer on Sept 27, 2022.
             Was a High Priest of Ignis.
             Killed from afar by a dart slug (1 damage)
             ... with a slug dart
             ... on level 1 of the Dungeon.
             The game lasted 00:02:21 (112 turns).

Ghostare the Ducker (Human Wanderer)                 Turns: 112, Time: 00:02:24

Health: 0/13       AC:  3    Str: 13    XL:     1   Next: 22%
Magic:  2/3        EV:  9    Int: 12    God:    Ignis [*****.]
Gold:   4          SH:  0    Dex: 11    Spells: 2/4 levels left

rFire   + . .      SeeInvis .    e - +0 hand axe
rCold   . . .      Faith    .    (no shield)
rNeg    . . .      Spirit   .    c - +0 leather armour
rPois   .          Reflect  .    (no helmet)
rElec   .          Harm     .    (no cloak)
rCorr   .          Rampage  .    (no gloves)
Will    .....                    (no boots)
Stlth   +.........               (no amulet)
HPRegen 0.04/turn                (no ring)
MPRegen 0.08/turn                (no ring)

@: constricted
A: no striking features
a: Renounce Religion, Fiery Armour, Foxfire Swarm, Rising Flame


You were on level 1 of the Dungeon.
You worshipped Ignis.
Ignis was extremely pleased with you.
You visited 1 branch of the dungeon, and saw 1 of its levels.

You collected 4 gold pieces.

Inventory:

Hand Weapons
 a - a +0 club
 e - a +0 hand axe (weapon)
Armour
 c - a +0 leather armour (worn)
Wands
 d - a wand of polymorph (5) (quivered)
Scrolls
 b - a scroll of vulnerability


   Skills:
 + Level 3.0 Dodging
 + Level 2.1 Spellcasting
 + Level 2.0 Conjurations
 + Level 1.0 Invocations
 + Level 2.0 Evocations


You had 2 spell levels left.
You knew the following spells:

 Your Spells              Type           Power      Damage    Failure   Level
a - Freeze                Ice            4%         1d3       34%         1
b - Foxfire               Conj/Fire      12%        2x1d4     22%         1

Your spell library contained the following spells:

 Spells                   Type           Power      Damage    Failure   Level
 Stone Arrow              Conj/Erth      6%         3d7       56%         3
 Frozen Ramparts          Ice            2%         1d1       71%         3
 Fulminant Prism          Conj/Hex       1%         3d6       92%         4


Dungeon Overview and Level Annotations

Branches:
Dungeon (1/15)

Altars:
Ignis


Message History

The endoplasm quivers.
The endoplasm hits you but does no damage.
You hit the endoplasm but do no damage. The endoplasm hits you.
You hit the endoplasm but do no damage.
The endoplasm hits you but does no damage.
The endoplasm closely misses you.
You hit the endoplasm.
You kill the endoplasm!
A ball python comes into view.
Found a scroll labelled NIEW FELIR.
A dart slug comes into view.
Found a leather armour.
The ball python bites you. The ball python grabs you.
The ball python constricts you. The dart slug launches a dart at you.
The slug dart misses you.
You escape the ball python's grasp.
The dart slug bites you.
You hit the dart slug.
The dart slug is moderately wounded.
You barely miss the ball python. The ball python bites you.
The ball python grabs you. The ball python constricts you.
You hit the dart slug.
The dart slug is moderately wounded.
You closely miss the ball python. The ball python barely misses you.
The ball python constricts you. The dart slug launches a dart at you.
The slug dart hits you.
* * * LOW HITPOINT WARNING * * *
The ball python closely misses you. The ball python constricts you.
* * * LOW HITPOINT WARNING * * *
Cast which spell? (? or * to list)
You don't know that spell.
Cast which spell? (? or * to list)
You conjure some foxfire!
The ball python bites you but does no damage.
The ball python constricts you.
* * * LOW HITPOINT WARNING * * *
The dart slug launches a dart at you. The slug dart hits you.
You die...

#....##...........#
#....##.....####.## .
#....##.....#. #.### ..
#....##....... #....
.[.##....#......#.######
#..............#.......
##.................##.#.
?......Sv.###..#........
.......@v........###'###
.......w...##.# #.....#
...........# #.....#
...........# #.....#
#..........# #.###.#
...........# #.#รท#.#
...######... #.###.# ...
.... #.....# #..<..#


You could see a dart slug and a ball python (ally target).

Vanquished Creatures
  An endoplasm (D:1)
1 creature vanquished.

Notes
Turn   | Place    | Note
-------+----------+-------------------------------------------
     0 | D:1      | Ghostare the Human Wanderer began the quest for the Orb.
     0 | D:1      | Ghostare set off with the following items: a +0 club, a
                  | scroll of vulnerability, a +0 leather armour, a wand of
                  | polymorph (5); and the following spells available to
                  | memorise: Foxfire, Freeze, Stone Arrow, Frozen Ramparts,
                  | Fulminant Prism.
     0 | D:1      | Reached XP level 1. HP: 13/13 MP: 3/3
     2 | D:1      | Learned a level 1 spell: Freeze
     4 | D:1      | Learned a level 1 spell: Foxfire
    23 | D:1      | Found a faded altar of an unknown god.
    50 | D:1      | Prayed at the altar of an unknown god.
    50 | D:1      | Became a worshipper of Ignis, the Dying Flame
   112 | D:1      | Killed from afar by a dart slug

Illustrated notes

Levels and vault maps discovered:
D:1:      nicolae_arrival_memento_mori, layout_basic,
          hellmonk_ecumenical_altar_pennies_from_heaven, serial_shops,
          shop_coins, minmay_tetromino_o2

Action                   || total
-------------------------++-------
Melee: Hand axe          ||     5
 Cast: Foxfire           ||     1
Armor: Leather armour    ||     3
Dodge: Dodged            ||     4

Table legend: (Time is in decaauts)
 A = Elapsed time spent in this place.
 B = Non-inter-level travel time spent in this place.
 C = Inter-level travel time spent in this place.
 D = Time resting spent in this place.
 E = Time spent auto-exploring this place.
 F = Levels seen in this place.
 G = Mean time per level.
                   A        B        C        D        E       F      G
               +--------+--------+--------+--------+--------+-----+--------+
         Total |    119 |    119 |      0 |      0 |      0 |   1 |  119.0 |
       Dungeon |    119 |    119 |      0 |      0 |      0 |   1 |  119.0 |
               +--------+--------+--------+--------+--------+-----+--------+

Top non-repeatable levels by time:
     D:1: 119 daAuts
